Black Prince killed with Stuka Fighters

Match 12714598
End
Vickers Machine Gun Team
Construct Section Command Post
Infantry Section
Infantry Section
Infantry Section
Infantry Section
Grenade Package
Infantry Section
Infantry Training
Infantry Training
Selects British Armored Battlegroup
Selects Rigorous Vehicle Training
Selects Crusader AA Medium Tank
Crusader AA Medium Tank
Construct Platoon Command Post
Infantry Section
Selects Engineer Detachments
6-pounder Anti-tank Gun Team
6-pounder Anti-tank Gun Team
CMP 15cwt Truck
Armored Vehicle Training
Infantry Section
Infantry Section
Royal Engineer Section
Selects Churchill Black Prince Heavy Tank
Churchill Black Prince Heavy Tank
Crusader AA Medium Tank
Royal Engineer Section
Selects Forward Repair Assembly
Selects Recon Artillery
Recon Artillery
Crusader AA Medium Tank
Crusader AA Medium Tank
Royal Engineer Section
Royal Engineer Section
Recon Artillery
6-pounder Anti-tank Gun Team
Da Man
shobbs001
wyattharrison
LuCAS_LH
SSpanzermeyer
Para_Dilshan
0
0

Comments sign in to comment!

No comments posted yet!